 Dungeon Crawl Stone Soup version 0.31-a0-233-g139696dc86 (webtiles) character file.

Game seed: 7636234123448958005

74 qw the Shooter (level 4, -2/26 HPs)
             Began as a Gargoyle Hexslinger on July 9, 2023.
             Slain by a gnoll
             ... wielding a +0 spear
              (3 damage)
             ... on level 2 of the Dungeon.
             The game lasted 00:00:39 (1442 turns).

qw the Shooter (Gargoyle Hexslinger)                Turns: 1442, Time: 00:00:40

Health: -2/26      AC: 10    Str: 12    XL:     4   Next: 30%
Magic:  5/5        EV: 10    Int: 13    God:
Gold:   149        SH:  0    Dex: 14    Spells: 4/5 levels left

rFire   . . .        Y - +1 sling
rCold   . . .        (no shield)
rNeg    + . .        l - +0 ring mail
rPois   inf          (no helmet)
rElec   +            (no cloak)
rCorr   .            b - +0 pair of gloves
SInv    .            d - +0 pair of boots
Will    .....        (no amulet)
Stlth   +            (no ring)
HPRegen 0.24/turn    (no ring)
MPRegen 0.09/turn

%: no passive effects
@: about to teleport
A: sickness immunity, AC +3, negative energy resistance 1, electricity
resistance, torment resistance 1, petrification resistance
a: no special abilities


You were on level 2 of the Dungeon.
You visited 1 branch of the dungeon, and saw 2 of its levels.

You collected 149 gold pieces.


Innate Abilities, Weirdness & Mutations

You are immune to sickness and miasma.
Your stone body is resilient. (AC +3)
You are immune to poison.
You resist negative energy. (rN+)
You are resistant to electric shocks. (rElec)
You are resistant to unholy torment.
You are immune to petrification.


   Skills:
 - Level 2.0 Fighting
 + Level 3.9 Ranged Weapons
 - Level 1.0 Armour
 - Level 1.5 Dodging
 - Level 1.0 Spellcasting
 - Level 2.6 Hexes


You had 4 spell levels left.
You knew the following spells:

 Your Spells              Type           Power      Damage    Failure   Level
a - Slow                  Hex            28%        N/A       22%         1

Your spell library contained the following spells:

 Spells                   Type           Power      Damage    Failure   Level
 Inner Flame              Hex/Fire       4%         N/A       73%         3
 Portal Projectile        Hex/Tloc       8%         N/A       73%         3
 Cause Fear               Hex            3%         N/A       91%         4

Inventory:

Hand Weapons
 Y - a +1 sling (weapon)
Armour
 b - a +0 pair of gloves (worn)
 c - a scarf of repulsion
 d - a +0 pair of boots (worn)
 l - a +0 ring mail (worn)
Scrolls
 a - a scroll of teleportation
 e - 2 scrolls of identify
 i - a scroll of blinking {unknown}
Potions
 f - a potion of degeneration {unknown}
 g - a potion of magic {unknown}
 h - a potion of haste {unknown}
 k - 2 potions of curing {unknown}
 m - a potion of attraction {unknown}
 n - 2 potions of heal wounds {unknown}

Dungeon Overview and Level Annotations

Branches:
Dungeon (2/15)

Altars:


Message History

The gnoll is lightly wounded.
The gnoll barely misses you.
A gnoll comes into view. It is wielding a +0 club.
The gnoll closely misses you. The gnoll hits you but does no damage.
You shoot a sling bullet.
The sling bullet barely misses the gnoll.
The gnoll shouts!
The gnoll hits you from afar with a +0 halberd.
The gnoll barely misses you.
You shoot a sling bullet.
The sling bullet barely misses the gnoll. x2
The gnoll hits you from afar with a +0 halberd.
The gnoll hits you but does no damage.
You shoot a sling bullet. The sling bullet hits the gnoll.
You kill the gnoll!
The gnoll closely misses you.
The gnoll hits you from afar with a +0 spear.
You shoot a sling bullet.
The sling bullet barely misses the gnoll.
The gnoll hits you but does no damage.
You shoot a sling bullet.
The sling bullet hits the gnoll but does no damage.
The gnoll is lightly wounded.
The gnoll hits you from afar with a +0 spear.
The gnoll closely misses you. The gnoll hits you with a +0 club.
You shoot a sling bullet.
The sling bullet barely misses the gnoll.
The gnoll hits you but does no damage. The gnoll hits you with a +0 club.
1440 ||| READING 2 scrolls of teleportation.
As you read the scroll of teleportation, it crumbles to dust.
You feel strangely unstable. The gnoll hits you but does no damage.
The gnoll closely misses you.
You shoot a sling bullet. The sling bullet hits the gnoll.
The gnoll is moderately wounded.
The gnoll hits you from afar with a +0 spear.
The gnoll hits you with a +0 club.
You shoot a sling bullet. The sling bullet hits the gnoll.
The gnoll is heavily wounded.
The gnoll hits you from afar with a +0 spear.
You die...

#.###..#.....% ... ..
#........#
#...######.......# ....
..#.........#
###.####.#....#.####
##.....##.#....#.#
###..g).##...)..(#.#
##.#8#.g##.....#..#.#
#....8.@###...##....#
###.#...#.#...###...# ##
###.#....##..## ###.# #.
#.##.##.).##..## #.###.
##..#.###))#...####.##..
##########)#......#.##.#
.............###.......#
...####.##..## #........
...##.## #......##


You could see 2 gnolls.

Vanquished Creatures
  A gnoll (D:2)
  An adder (D:2)
  3 dart slugs (D:1)
  3 orcs (D:2)
  3 endoplasms
  A giant cockroach (D:1)
  6 goblins
  5 hobgoblins
  5 kobolds
  A quokka (D:2)
  3 ball pythons
  6 bats
  5 frilled lizards
  A rat (D:1)
44 creatures vanquished.

Notes
Turn   | Place    | Note
-------+----------+-------------------------------------------
     0 | D:1      | qw the Gargoyle Hexslinger began the quest for the Orb.
     0 | D:1      | Reached XP level 1. HP: 12/12 MP: 2/2
     0 | D:1      | 0 ||| qw: Version: 0.3-a-51-g015441d
     0 | D:1      | 0 ||| qw: Game counter: 3848
     0 | D:1      | 0 ||| qw: Melee chars always use a shield: true
     0 | D:1      | 0 ||| qw: God list: Okawaru
     0 | D:1      | 0 ||| qw: Allow faded altars: false
     0 | D:1      | 0 ||| qw: Do Orc after clearing Dungeon:15 true
     0 | D:1      | 0 ||| qw: Do second Lair branch before Depths: true
     0 | D:1      | 0 ||| qw: Lair rune preference: random
     0 | D:1      | 0 ||| qw: Goals: Normal
     0 | D:1      | 0 ||| PLANNING D:1-11
    23 | D:1      | 23 ||| DROPPING scroll of poison.
   103 | D:1      | Reached XP level 2. HP: 16/16 MP: 3/3
   196 | D:1      | Reached skill level 3 in Ranged Weapons
   247 | D:1      | 247 ||| FLEEEEING.
   535 | D:1      | Reached XP level 3. HP: 21/21 MP: 4/4
   828 | D:1      | 828 ||| UPGRADING to +0 pair of gloves.
   833 | D:1      | 833 ||| UPGRADING to +0 pair of boots.
   838 | D:1      | 838 ||| UPGRADING to +0 leather armour.
   848 | D:1      | 848 ||| DROPPING +0 robe.
   849 | D:1      | 849 ||| UPGRADING to +0 ring mail.
   859 | D:1      | 859 ||| DROPPING +0 leather armour.
   860 | D:1      | 860 ||| READING 2 scrolls labelled WACVOS ZAP GUI.
   864 | D:1      | 864 ||| READING scroll labelled VUB FITOUH.
   865 | D:1      | 865 ||| READING scroll labelled JUMUIC WARIAJ.
   866 | D:1      | 866 ||| READING scroll labelled UDGHAM BIBEK.
   998 | D:2      | Reached skill level 1 in Armour
  1347 | D:2      | Reached XP level 4. HP: 26/26 MP: 5/5
  1439 | D:2      | HP: 6/26 [gnoll/+0 club (5)]
  1440 | D:2      | 1440 ||| READING 2 scrolls of teleportation.
  1441 | D:2      | HP: 1/26 [gnoll/+0 club (4)]
  1442 | D:2      | Slain by a gnoll

Levels and vault maps discovered:
D:1:      dpeg_arrival_tiny_a, layout_basic, wad_floor_pattern_untrapped,
          serial_bayou_ford_a, st_stairs_4, minivault_14,
          nicolae_kite_square_tiling_tiny
D:2:      layout_rooms, minmay_misc_feat_encased, guppyfry_early_orc_mine

Skill      XL: |  1  2  3 |
---------------+----------+-----
Ranged Weapons | 3 |  3.9
Fighting       | 2 |  2.0
Armour         | 1 |  1.0
Dodging        | |  1.5
Spellcasting   | |  1.0
Hexes          | |  2.6

Action                     |  1- 3 |  4- 6 || total
---------------------------+-------+-------++-------
   Fire: Sling             |   116 |    26 ||   142
    Use: Scroll            |     4 |     1 ||     5
 Armour: Robe              |     7 |       ||     7
         Ring mail         |    21 |     8 ||    29
  Dodge: Dodged            |    35 |    10 ||    45

Table legend:
 A = Non-vault XP
 B = Vault XP
 C = Vault XP percentage of total XP
 D = Non-vault monster count
 E = Vault monster count
 F = Vault count percentage of total count
                 A         B        C        D         E       F
            +---------+---------+-------+---------+---------+-------
      Total |      87 |      20 |  18.7 |      35 |       9 |  20.5
            +---------+---------+-------+---------+---------+-------
        D:1 |      33 |       4 |  10.8 |      16 |       2 |  11.1
        D:2 |      54 |      16 |  22.9 |      19 |       7 |  26.9
            +---------+---------+-------+---------+---------+-------
